 Dungeon Crawl Stone Soup version 0.23.2-30-g0e89c35649 (webtiles) character file.

Game seed: 16964570760291482929

1815 teukkam the Shield-Bearer (level 8, -3/71 HPs)
             Began as a Minotaur Fighter on June 20, 2019.
             Was an Initiate of Gozag.
             Hit by a tomahawk of returning thrown by an orc warrior (9 damage)
             ... on level 7 of the Dungeon.
             The game lasted 00:20:00 (5212 turns).

teukkam the Shield-Bearer (Minotaur Fighter)        Turns: 5212, Time: 00:20:01

Health: -3/71      AC:  7    Str: 23    XL:     8   Next: 85%
Magic:  7/7        EV:  7    Int:  5    God:    Gozag
Gold:   1060       SH: 16    Dex: 10    Spells: 7/7 levels left

rFire    . . .     SeeInvis .   a - +0 war axe
rCold    . . .     Gourm    .   y - +0 large shield
rNeg     . . .     Faith    .   o - +2 leather armour {rPois}
rPois    +         Spirit   .   (helmet restricted)
rElec    .         Reflect  .   (no cloak)
rCorr    .         Harm     .   (no gloves)
MR       .....                  E - +0 pair of boots
Stlth    +.........             (no amulet)
HPRegen  0.21/turn              (no ring)
MPRegen  0.10/turn              (no ring)

@: no status effects
A: retaliatory headbutt, horns 2
a: Potion Petition, Call Merchant, Bribe Branch, Renounce Religion


You were on level 7 of the Dungeon.
You worshipped Gozag.
Gozag was most pleased with you.
You were not hungry.

You visited 1 branch of the dungeon, and saw 7 of its levels.

You collected 1078 gold pieces.
You paid 18 gold pieces to Gozag.

Inventory:

Hand Weapons
 a - a +0 war axe (weapon)
 b - a +0 hunting sling
 q - a +1 trident of venom
 s - a +0 dagger
 z - a +0 lajatang
 D - a +1 dagger of venom
Missiles
 g - 63 poisoned needles
 h - 140 stones
 j - 5 javelins (quivered)
 r - 24 sling bullets
 t - 3 tomahawks
 B - 2 silver tomahawks
Armour
 o - a +2 leather armour of poison resistance (worn)
 y - a +0 large shield (worn)
 E - a +0 pair of boots (worn)
Magical Staves
 c - an uncursed staff of earth
Jewellery
 e - an uncursed amulet of the acrobat {unknown}
Wands
 m - a wand of paralysis (8)
 v - a wand of iceblast (11)
 C - a wand of disintegration (14)
Scrolls
 k - a scroll of blinking {unknown}
 l - 2 scrolls of remove curse {unknown}
 n - 3 scrolls of identify {unknown}
 p - a scroll of teleportation {unknown}
 u - 3 scrolls of fear {unknown}
 w - 2 scrolls of enchant weapon {unknown}
 x - 2 scrolls of summoning {unknown}
 A - a scroll of immolation {unknown}
Potions
 d - a potion of agility
 i - 2 potions of flight
Comestibles
 f - 8 rations


   Skills:
 + Level 6.8 Fighting
 - Level 5.5 Axes
 + Level 2.5 Staves
 + Level 4.8(5.4) Slings
 + Level 3.4(4.5) Throwing
 + Level 6.8 Armour
 - Level 0.4 Dodging
 + Level 6.9 Shields


You had 7 spell levels left.
You didn't know any spells.
Your spell library contained the following spells:

 Spells                   Type           Power        Failure   Level  Hunger
 Shock                    Conj/Air       #...         99%         1    ##.....
 Swiftness                Chrm/Air       #.......     100%        2    ###....
 Static Discharge         Conj/Air       #.......     100%        3    ####...
 Airstrike                Air            #.........   100%        4    #####..
 Lightning Bolt           Conj/Air       #.........   100%        5    ######.


Dungeon Overview and Level Annotations

Branches:
Dungeon (7/15)             Temple (0/1) D:4

Altars:
Gozag
Hepliaklqana
Kikubaaqudgha
Okawaru
Qazlal
Ru
Vehumet
Wu Jian
Yredelemnul

Shops:
D:7 }

Annotations:
D:4 1 runed translucent door


Innate Abilities, Weirdness & Mutations

You reflexively headbutt those who attack you in melee.
You have a pair of horns on your head.


Message History

You block the orc's attack.
The orc warrior hits you from afar with a +0 trident!
The orc hits you but does no damage.
Your shield prevents you from hitting the orc.
You headbutt the orc, but do no damage. The orc completely misses you.
You block the orc warrior's attack.
You hit the orc but do no damage. You block the orc's attack.
The orc warrior hits you from afar with a +0 trident.
You barely miss the hungry ghost. The orc warrior barely misses you.
You hit the hungry ghost.
The hungry ghost is lightly damaged.
The hungry ghost hits you.
You feel a lot more hungry. You block the orc warrior's attack.
The hungry ghost hits you.
You feel a lot more hungry.
The orc warrior hits you from afar with a +0 trident!
* * * LOW HITPOINT WARNING * * *
The orc warrior throws a tomahawk of returning.
The tomahawk of returning hits you!
You die...
Your body crumbles into a pile of gold.

........#####.#
...###..#####.# ####
#........# #..#######
######..######
...........#.#########
###..#..##....#...<..# #
#.....##......#....### #
#.....#......W@.......
.....#####............##
.....#####...o#.......#
...........#o##......##
.._..#######.####...##
...... #o......## .....#
#.$o#####.# ......
......# .# ......... ..


You could see a hungry ghost, an orc warrior and an orc.

Vanquished Creatures
  Prince Ribbit (D:5)
  Sigmund (D:6)
  A sky beast (D:6)
  2 phantoms
  An ice beast (D:7)
  An ogre (D:5)
  A centaur (D:6)
  3 scorpions
  A crimson imp (D:6)
  4 hounds
  An orc priest (D:3)
  3 orc wizards
  Natasha (thrice) (D:2)
  2 iguanas (D:6)
  Ijyb (D:3)
  4 worker ants
  A killer bee zombie (D:7)
  A hound skeleton (D:7)
  Robin (D:2)
  A worker ant zombie (D:5)
  7 adders
  3 shadow imps
  3 oozes
  An adder skeleton (D:5)
  3 worms
  2 dart slugs
  3 leopard geckos
  11 orcs
  A ball python (D:2)
  6 giant cockroaches
  8 hobgoblins
  17 jackals
  2 quokkas (D:3)
  9 bats
  5 frilled lizards
  20 goblins
  11 kobolds
  A leopard gecko skeleton (D:5)
  14 rats
161 creatures vanquished.

Notes
Turn   | Place    | Note
-------+----------+-------------------------------------------
     0 | D:1      | teukkam the Minotaur Fighter began the quest for the Orb.
     0 | D:1      | Reached XP level 1. HP: 19/19 MP: 0/0
   116 | D:1      | Reached XP level 2. HP: 20/27 MP: 1/1
   278 | D:1      | Reached XP level 3. HP: 26/33 MP: 2/2
   442 | D:2      | Noticed Natasha
   452 | D:2      | Killed Natasha
   705 | D:2      | Reached XP level 4. HP: 38/40 MP: 3/3
   714 | D:2      | Found an opulent altar of Gozag.
   715 | D:2      | Found an ornate altar of the Wu Jian Council.
   716 | D:2      | Found a radiant altar of Vehumet.
   716 | D:2      | Found an iron altar of Okawaru.
   716 | D:2      | Found a sacrificial altar of Ru.
   723 | D:2      | Became a worshipper of Gozag Ym Sagoz the Greedy
  1016 | D:1      | Reached skill level 1 in Slings
  1289 | D:2      | Noticed Robin
  1293 | D:2      | Noticed Natasha
  1300 | D:2      | Killed Natasha
  1561 | D:2      | Reached XP level 5. HP: 47/47 MP: 4/4
  1696 | D:2      | Noticed Natasha
  1711 | D:2      | Killed Natasha
  1714 | D:2      | Killed Robin
  1797 | D:2      | Found a hazy altar of Hepliaklqana.
  2132 | D:3      | Found a stormy altar of Qazlal.
  2414 | D:3      | Noticed Ijyb
  2417 | D:3      | Reached skill level 5 in Shields
  2417 | D:3      | Reached XP level 6. HP: 37/55 MP: 5/5
  2423 | D:3      | Killed Ijyb
  2662 | D:3      | Reached skill level 5 in Armour
  2811 | D:4      | Reached skill level 5 in Fighting
  2926 | D:4      | Found a staircase to the Ecumenical Temple.
  2939 | D:4      | Found a runed translucent door.
  3012 | D:4      | Reached XP level 7. HP: 52/61 MP: 6/6
  3033 | D:5      | Entered Level 5 of the Dungeon
  3033 | D:5      | Noticed Prince Ribbit
  3111 | D:5      | Reached skill level 1 in Throwing
  3300 | D:4      | Found an ancient bone altar of Kikubaaqudgha.
  3436 | D:5      | Killed Prince Ribbit
  3436 | D:5      | Reached skill level 5 in Axes
  3704 | D:5      | Reached XP level 8. HP: 36/70 MP: 7/7
  4420 | D:6      | Noticed Sigmund
  4428 | D:6      | Reached skill level 1 in Staves
  4432 | D:6      | Killed Sigmund
  5032 | D:7      | Found a basalt altar of Yredelemnul.
  5082 | D:7      | Found Lialomekk's Gadget Shoppe.
  5212 | D:7      | Hit by a tomahawk of returning thrown by an orc warrior

Skill      XL: |  1  2  3  4  5  6  7  8 |
---------------+-------------------------+-----
Shields        | 4 5 6 |  6.9
Armour         | 4 5 6 |  6.8
Fighting       | 4 5 6 |  6.8
Axes           | 3 4 5 |  5.5
Slings         | 1 2 3 4 |  4.8
Throwing       | 2 3 |  3.4
Staves         | 2 |  2.5
Dodging        | |  0.4

Action                   |  1- 3 |  4- 6 |  7- 9 || total
-------------------------+-------+-------+-------++-------
Melee: War axe           |    88 |   153 |   148 ||   389
       Headbutt          |    10 |    33 |    22 ||    65
 Fire: Hunting sling     |     4 |     5 |     8 ||    17
Throw: Javelin           |       |     1 |    15 ||    16
Evoke: Wand              |       |       |     3 ||     3
  Use: Scroll            |       |     2 |       ||     2
       Potion            |       |       |     5 ||     5
 Stab: Paralysed         |       |       |     1 ||     1
  Eat: Ration            |       |     2 |     3 ||     5
Armor: Scale mail        |    63 |    68 |       ||   131
       Leather armour    |       |     9 |    29 ||    38
Dodge: Dodged            |    37 |    63 |    43 ||   143
Block: Shield            |    60 |   102 |    41 ||   203
       Large shield      |       |       |    65 ||    65
